 Dungeon Crawl Stone Soup version 0.23.2-40-g277498a (webtiles) character file.

Game seed: 531017476792212869

3301 rednit the Cleaver (level 9, -5/121 HPs)
             Began as a Minotaur Berserker on Sept 25, 2019.
             Was a High Priest of Trog.
             Killed from afar by a shock serpent (13 damage)
             ... with an electric aura
             ... on level 8 of the Dungeon.
             The game lasted 00:25:04 (8182 turns).

rednit the Cleaver (Minotaur Berserker)             Turns: 8182, Time: 00:25:05

Health: -5/121     AC: 16    Str: 29    XL:     9   Next: 70%
Magic:  8/8        EV: 11    Int: 10    God:    Trog [*****.]
Gold:   799        SH:  0    Dex: 13    Spells: 8/8 levels left

rFire    . . .     SeeInvis .   A - +2 hand axe (chop)
rCold    . . .     Gourm    .   (no shield)
rNeg     . . .     Faith    .   F - +0 plate armour
rPois    .         Spirit   .   (helmet restricted)
rElec    .         Reflect  .   a - +0 cloak
rCorr    .         Harm     .   m - +0 pair of gloves
MR       .....                  (no boots)
Stlth    ..........             f - amulet of the acrobat
HPRegen  0.30/turn              n - +6 ring of intelligence
MPRegen  0.11/turn              p - +2 ring of dexterity

@: berserking, very quick
A: retaliatory headbutt, horns 2
a: Berserk, Trog's Hand, Brothers in Arms, Renounce Religion


You were on level 8 of the Dungeon.
You worshipped Trog.
Trog was extremely pleased with you.
You were hungry.

You visited 1 branch of the dungeon, and saw 8 of its levels.
You also visited: Sewer and Ossuary.

You collected 799 gold pieces.

Inventory:

Hand Weapons
 A - a +2 hand axe of chopping (weapon)
Armour
 a - a +0 cloak (worn)
 k - a scarf of spirit shield
 m - a +0 pair of gloves (worn)
 w - a +2 ring mail of magic resistance
 F - a +0 plate armour (worn)
Magical Staves
 q - an uncursed staff of cold
Jewellery
 f - an amulet of the acrobat (around neck)
 n - a +6 ring of intelligence (left hand)
 p - a +2 ring of dexterity (right hand)
 v - a +2 ring of intelligence
 G - an uncursed ring of protection from magic {unknown}
Wands
 y - a wand of acid (1)
 H - a wand of scattershot (5)
 I - a wand of polymorph (2)
Scrolls
 b - 3 scrolls of teleportation
 o - 3 scrolls of amnesia {unknown}
 r - 3 scrolls of fog
 s - 2 scrolls of enchant armour {unknown}
 u - 4 scrolls of fear {unknown}
 x - 2 scrolls of remove curse
 B - a scroll of identify
Potions
 d - 3 potions of agility {unknown}
 e - 2 potions of lignification {unknown}
 g - 5 potions of flight {unknown}
 h - a potion of resistance {unknown}
 j - 2 potions of magic {unknown}
 l - a potion of cancellation {unknown}
 t - a potion of berserk rage {unknown}
 z - a potion of degeneration {unknown}
 C - a potion of heal wounds {unknown}
 D - a potion of haste {unknown}
 E - 2 potions of mutation {unknown}
Comestibles
 c - 18 rations
 i - 5 chunks of flesh


   Skills:
 + Level 8.3 Fighting
 * Level 11.0 Axes
 + Level 7.7 Armour
 + Level 6.8 Dodging


You had 8 spell levels left.
You didn't know any spells.
Your spell library was empty.

Dungeon Overview and Level Annotations

Branches:
Dungeon (8/15)             Temple (0/1) D:5
   Lair: D:8-11

Altars:
Fedhas


Innate Abilities, Weirdness & Mutations

You reflexively headbutt those who attack you in melee.
You have a pair of horns on your head.


Message History

You hit the shock serpent. Your headbutt misses the shock serpent.
The shock serpent is heavily wounded.
The shock serpent's electric aura discharges, shocking you!
The shock serpent barely misses you. You furiously retaliate!
You headbutt the shock serpent. You barely miss the shock serpent.
The shock serpent is heavily wounded.
You slash the adder skeleton!
The shock serpent shoots out a bolt of lightning at you!
The bolt of electricity hits you!!
* * * LOW HITPOINT WARNING * * *
The bolt of electricity hits you!
* * * LOW HITPOINT WARNING * * *
The bolt of electricity hits the shock serpent.
The shock serpent completely resists.
You slash the shock serpent!
The shock serpent is severely wounded.
You closely miss the adder skeleton.
The shock serpent's electric aura discharges, shocking you!
You die...

# #### ######### #..(
########.......#### #.#.
....).S@.#####.##.###...
.#######Z# #.#........
..# #....###.## ##.#
##^#...##.#.
#.####.PPPPP##.#.
#......P...P##.#. #
.....##P...P##.#.
.#.#####.P...P.....
.#......PPP.......


You could see a shock serpent and an adder skeleton.

Vanquished Creatures
  A human (D:7)
  4 hogs (D:7)
  Purgy (Sewer)
  An ice beast (D:7)
  A phantom (D:6)
  An ogre (D:7)
  A centaur (D:7)
  Blork the orc (D:5)
  2 elf zombies (Ossuary)
  4 bullfrogs
  4 scorpions
  A howler monkey (D:4)
  2 crimson imps (D:7)
  A centaur zombie (Ossuary)
  5 hounds
  A human zombie (Ossuary)
  2 jellies
  A centaur skeleton (D:8)
  5 orc priests
  3 worker ants
  10 orc wizards
  2 iguanas
  3 big kobold zombies (Ossuary)
  2 hound skeletons (D:7)
  2 mummies (Ossuary)
  6 gnolls
  4 river rats (D:3)
  16 adders
  A shadow imp (D:5)
  An ooze (D:7)
  An adder skeleton (D:7)
  4 worms
  2 dart slugs
  7 leopard geckos
  43 orcs
  3 ball pythons
  8 giant cockroaches
  6 goblins
  3 hobgoblins (D:2)
  9 jackals
  5 quokkas
  6 bats
  13 frilled lizards
  3 gnoll zombies (Ossuary)
  A goblin zombie (Ossuary)
  A hobgoblin zombie (Ossuary)
  A jackal zombie (D:5)
  9 kobolds
  A leopard gecko zombie (D:8)
  2 orc zombies (Ossuary)
  A quokka zombie (D:7)
  9 rats
  2 fungi (D:8)
229 creatures vanquished.

Notes
Turn   | Place    | Note
-------+----------+-------------------------------------------
     0 | D:1      | rednit the Minotaur Berserker began the quest for the Orb.
     0 | D:1      | Reached XP level 1. HP: 19/19 MP: 0/0
   336 | D:1      | Reached skill level 4 in Axes
   383 | D:1      | Reached XP level 2. HP: 27/27 MP: 1/1
   948 | D:2      | Reached XP level 3. HP: 27/33 MP: 2/2
  1142 | D:2      | Reached ** piety under Trog
  1293 | D:2      | Reached skill level 5 in Axes
  1384 | D:2      | Noticed a scorpion
  1393 | D:2      | Killed a scorpion
  1393 | D:2      | Reached XP level 4. HP: 24/41 MP: 3/3
  2153 | D:2      | Reached XP level 5. HP: 29/47 MP: 4/4
  2810 | D:3      | Reached skill level 6 in Axes
  2964 | D:3      | Reached skill level 5 in Fighting
  2998 | D:3      | Reached XP level 6. HP: 56/56 MP: 5/5
  3010 | D:3      | Found a glowing drain.
  3018 | Sewer    | Entered a sewer
  3023 | Sewer    | Reached *** piety under Trog
  3059 | Sewer    | Noticed Purgy
  3076 | Sewer    | Killed Purgy
  4083 | D:4      | Reached XP level 7. HP: 43/61 MP: 3/6
  4261 | D:4      | Reached skill level 7 in Axes
  4524 | D:4      | Reached **** piety under Trog
  5297 | D:5      | Entered Level 5 of the Dungeon
  5464 | D:5      | Found a staircase to the Ecumenical Temple.
  5486 | D:5      | Reached skill level 5 in Armour
  5569 | D:5      | Noticed Blork the orc
  5573 | D:5      | Killed Blork the orc
  5573 | D:5      | Reached skill level 8 in Axes
  5694 | D:5      | Reached XP level 8. HP: 67/70 MP: 7/7
  5996 | D:5      | Reached ***** piety under Trog
  6263 | D:6      | Found a sand-covered staircase.
  6267 | Ossuary  | Entered an ossuary
  6281 | Ossuary  | Reached skill level 5 in Dodging
  6472 | Ossuary  | Reached skill level 9 in Axes
  7155 | D:7      | Reached XP level 9. HP: 74/79 MP: 8/8
  7198 | D:7      | Reached skill level 10 in Axes
  7707 | D:7      | Found a blossoming altar of Fedhas.
  8167 | D:8      | Reached skill level 11 in Axes
  8169 | D:8      | Noticed a two-headed ogre
  8174 | D:8      | Noticed a shock serpent
  8174 | D:8      | a two-headed ogre changed into a shock serpent
  8182 | D:8      | Killed from afar by a shock serpent

Skill      XL: |  1  2  3  4  5  6  7  8  9 |
---------------+----------------------------+-----
Axes           | 4 5 6 8 9 11 | 11.0
Fighting       | 4 5 6 7 8 |  8.3
Armour         | 3 4 5 6 7 |  7.7
Dodging        | 3 4 5 6 |  6.8

Action                   |  1- 3 |  4- 6 |  7- 9 || total
-------------------------+-------+-------+-------++-------
Melee: Hand axe          |    78 |   191 |   352 ||   621
       Headbutt          |    11 |    24 |    73 ||   108
Invok: Berserk           |       |       |     1 ||     1
Evoke: Wand              |       |       |     6 ||     6
  Use: Scroll            |       |     5 |     3 ||     8
  Eat: Chunk             |     2 |     8 |     7 ||    17
       Ration            |       |       |     2 ||     2
Armor: Animal skin       |     6 |       |       ||     6
       Chain mail        |    39 |   107 |    26 ||   172
       Ring mail         |       |       |    51 ||    51
       Plate armour      |       |       |    51 ||    51
Dodge: Dodged            |    37 |   107 |   170 ||   314
